 Dungeon Crawl Stone Soup version 0.30-a0-310-g7d6cbdfea6 (webtiles) character file.

Game seed: 17762333612682716714

95 timneilson the Shield-Bearer (level 4, -1/28 HPs)
             Began as a Gargoyle Fighter on Oct 24, 2022.
             Killed by nerve-wracking pain
             ... invoked by an orc priest
              (5 damage)
             ... on level 4 of the Dungeon.
             The game lasted 00:04:53 (2609 turns).

timneilson the Shield-Bearer (Gargoyle Fighter)     Turns: 2609, Time: 00:04:54

Health: -1/28      AC: 14    Str: 21    XL:     4   Next: 66%
Magic:  4/4        EV:  9    Int:  9    God:
Gold:   226        SH:  4    Dex:  9    Spells: 3/3 levels left

rFire   . . .      SeeInvis .    a - +1 long sword
rCold   . . .      Faith    .    c - +0 buckler
rNeg    + . .      Spirit   .    b - +0 scale mail
rPois   ∞          Reflect  .    l - +0 helmet
rElec   +          Harm     .    (no cloak)
rCorr   .          Rampage  .    (no gloves)
Will    .....                    h - +1 pair of boots
Stlth   ..........               (no amulet)
HPRegen 0.24/turn                (no ring)
MPRegen 0.09/turn                (no ring)

@: no status effects
A: sickness immunity, AC +3, negative energy resistance 1, electricity
resistance, torment resistance 1, petrification resistance
a: no special abilities


You were on level 4 of the Dungeon.
You visited 1 branch of the dungeon, and saw 4 of its levels.

You collected 226 gold pieces.

Inventory:

Hand Weapons
 a - a +1 long sword (weapon)
Armour
 b - a +0 scale mail (worn)
 c - a +0 buckler (worn)
 h - a +1 pair of boots (worn)
 l - a +0 helmet (worn)
Wands
 e - a wand of polymorph (7)
Scrolls
 i - a scroll of magic mapping
Potions
 d - a potion of might
 f - a potion of heal wounds {unknown}
 g - a potion of brilliance {unknown}
 j - a potion of degeneration {unknown}
 k - 2 potions of haste
 o - a potion of ambrosia {unknown}


   Skills:
 + Level 3.6 Fighting
 * Level 2.6 Long Blades
 * Level 4.0 Armour
 + Level 0.6 Dodging
 * Level 4.0 Shields
 + Level 0.3 Evocations


You had 3 spell levels left.
You didn't know any spells.
Your spell library contained the following spells:

 Spells                   Type           Power      Damage    Failure   Level
 Shock                    Conj/Air       0%         1d3       80%         1
 Portal Projectile        Hex/Tloc       0%         N/A       99%         3
 Swiftness                Air            0%         N/A       99%         3
 Tukima's Dance           Hex            0%         N/A       99%         3
 Airstrike                Air            0%         2d(0-16)  100%        4
 Blade Hands              Tmut           0%         N/A       100%        5


Dungeon Overview and Level Annotations

Branches:
Dungeon (4/15)
 Temple: D:4-7

Altars:
Dithmenos
Nemelex Xobeh
Uskayaw


Innate Abilities, Weirdness & Mutations

You are immune to sickness and miasma.
Your stone body is resilient. (AC +3)
You are immune to poison.
You resist negative energy. (rN+)
You are resistant to electric shocks. (rElec)
You are resistant to unholy torment.
You are immune to petrification.


Message History

The orc is severely wounded.
You block the orc's attack. The orc hits you with a +0 whip.
You barely miss the orc.
The orc is severely wounded.
The orc hits you but does no damage.
The orc priest hits you but does no damage.
The orc hits you but does no damage.
You hit the orc.
The orc is severely wounded.
The orc hits you but does no damage. x2; The orc closely misses you.
The orc priest hits you but does no damage.
You barely miss the orc.
The orc is severely wounded.
The orc hits you from afar with a +0 trident.
The orc closely misses you. The orc barely misses you.
The orc priest hits you but does no damage.
You hit the orc but do no damage.
The orc is severely wounded.
The orc misses you. You block the orc's attack. The orc barely misses you.
The orc priest barely misses you.
The orc hits you from afar with a +0 trident.
The orc hits you but does no damage. The orc closely misses you.
The orc priest hits you but does no damage.
The orc priest begins to cast a cantrip, but forgets the words!
The orc barely misses you.
There is an open door here.
The orc priest mumbles some strange prayers to Beogh against you.
Beogh smites you!
Ouch! That really hurt!
* * * LOW HITPOINT WARNING * * *
The orc attacks as you move away! The orc hits you but does no damage.
The orc hits you but does no damage.
You hit the orc.
You kill the orc!
The orc priest begins to cast a cantrip, but forgets the words!
Unknown command.
The orc barely misses you.
The orc priest mumbles some strange prayers to Beogh against you.
Pain shoots through your body!
You die...

.......#...# #.....#...#
#.....#...# #.....'...#
#.....#...# #.....#...#
#..oo.#...# #.o...#'####
#########..@.......#
#.......######.....#
#........'...#.....#
#........#...#.....#
#.^.....##...#.....######
#.......##...#..........#
##........#...######.....#
#.........#...#....#.....+
#.........+...#....#.....#


You could see an orc priest and 2 orcs.

Vanquished Creatures
  Robin (D:3)
  An adder (D:2)
  2 dart slugs
  5 orcs
  6 ball pythons
  3 endoplasms
  2 giant cockroaches
  14 goblins
  7 hobgoblins
  3 quokkas (D:1)
  4 bats
  3 frilled lizards
  6 kobolds
  2 rats
59 creatures vanquished.

Vanquished Creatures (others)
  A plant (D:3)
1 creature vanquished.

Grand Total: 60 creatures vanquished

Notes
Turn   | Place    | Note
-------+----------+-------------------------------------------
     0 | D:1      | timneilson the Gargoyle Fighter began the quest for the
                  | Orb.
     0 | D:1      | Reached XP level 1. HP: 14/14 MP: 1/1
   167 | D:1      | Reached XP level 2. HP: 19/19 MP: 2/2
   588 | D:2      | Reached XP level 3. HP: 23/23 MP: 3/3
   617 | D:2      | Found a faded altar of an unknown god.
  1570 | D:3      | Found a shadowy altar of Dithmenos.
  1800 | D:3      | Noticed a +0 short sword
  1875 | D:3      | Found a sparkling altar of Nemelex Xobeh.
  1950 | D:3      | Reached XP level 4. HP: 26/28 MP: 4/4
  2078 | D:3      | Noticed a +0 short sword
  2078 | D:3      | Noticed a +0 spear
  2079 | D:3      | Noticed a +0 falchion
  2079 | D:3      | Noticed a +0 dagger
  2079 | D:3      | Noticed a +0 falchion
  2079 | D:3      | Noticed a +0 spear
  2080 | D:3      | Noticed a +0 dagger
  2085 | D:3      | Found a hide-covered altar of Uskayaw.
  2383 | D:4      | Noticed Robin
  2493 | D:3      | Killed Robin
  2609 | D:4      | Killed from afar by an orc priest

Illustrated notes

Levels and vault maps discovered:
D:1:      saegor_arrival_miasma, layout_rooms
D:2:      layout_loops_corners, chequers_ecumenical_altar_simple,
          due_unseen_surprise
D:3:      layout_basic, old_standard_altar, nemelex_diamond_rough_becter,
          nicolae_uskayaw_en_pointe, saegor_snake_ambush
D:4:      layout_gridville, lemuel_mausoleum_altar_kikubaaqudgha, serial_shops,
          nicolae_shop_stone, shop, nicolae_inconvenience_store, uniq_natasha,
          uniq_robin

Skill      XL: |  1  2  3  4 |
---------------+-------------+-----
Long Blades    | 2 |  2.6
Shields        | 4 |  4.0
Armour         | 4 |  4.0
Fighting       | |  3.6
Dodging        | |  0.6
Evocations     | |  0.3

Action                   |  1- 3 |  4- 6 || total
-------------------------+-------+-------++-------
Melee: Long sword        |   149 |    73 ||   222
  Use: Scroll            |     3 |     6 ||     9
Armor: Scale mail        |    97 |    49 ||   146
Dodge: Dodged            |    65 |    51 ||   116
Block: Buckler           |    37 |    15 ||    52

Table legend: (Time is in decaauts)
 A = Elapsed time spent in this place.
 B = Non-inter-level travel time spent in this place.
 C = Inter-level travel time spent in this place.
 D = Time resting spent in this place.
 E = Time spent auto-exploring this place.
 F = Levels seen in this place.
 G = Mean time per level.
                   A        B        C        D        E       F      G
               +--------+--------+--------+--------+--------+-----+--------+
         Total |   2715 |   2607 |    108 |     11 |   1950 |   4 |  678.8 |
       Dungeon |   2715 |   2607 |    108 |     11 |   1950 |   4 |  678.8 |
               +--------+--------+--------+--------+--------+-----+--------+

Top non-repeatable levels by time:
     D:3: 1090 daAuts
     D:2: 958 daAuts
     D:1: 487 daAuts
     D:4: 179 daAuts
